Map: Ruins of Seras

Players

Miltreta - Winner!

  • Race: Terran Terran
  • League: Bronze

TUX

  • Race: Protoss Protoss
  • League: Bronze

VOD

Have the link to the VOD?

Description

Time

  • Played on: March 15, 2016, 9:09 a.m.
  • Length: 18:45
Show
View Real Time Build Order
Export as new Build Order

Miltreta Terran - Winner!

Build Orders:  

Get SALT Encoding   

  12  0:01  SCV  
  13  0:14  SCV  
  14  0:25  Supply Depot  
  14  0:26  SCV  
  15  0:34  Refinery  
  15  0:48  SCV, Barracks  
  16  0:58  Supply Depot  
  16  1:04  Refinery  
  16  1:07  SCV  
  17  1:20  SCV  
  18  1:32  SCV  
  19  1:37  Reaper  
  20  1:40  Barracks  
  20  1:44  SCV  
  21  1:58  SCV  
  22  2:11  Reaper  
  22  2:13  SCV  
  24  2:31  Command Center, Barracks Reactor  
  24  2:41  Supply Depot  
  24  2:54  Reaper  
  24  2:57  Orbital Command  
  25  3:11  Reaper  
  26  3:13  Barracks  
  26  3:31  Reaper x2  
  28  3:43  Reaper  
  29  4:02  Barracks Reactor  
  29  4:03  Reaper  
  29  4:04  Reaper  
  29  4:06  Barracks  
  31  4:35  Reaper x2  
  28  5:09  Reaper x2  
  28  5:10  Barracks Reactor  
  27  5:32  Barracks Reactor  
  27  5:33  SCV  
  28  5:35  Orbital Command  
  28  5:41  Reaper x4  
  32  5:49  Barracks, Reaper  
  32  5:53  Reaper  
  33  6:09  Barracks  
  33  6:11  Barracks  
  33  6:12  Factory  
  33  6:14  SCV x2  
  35  6:32  Reaper x5  
  40  6:33  Reaper  
  40  6:36  Barracks Reactor  
  38  7:08  Starport  
  38  7:12  Starport  
  38  7:13  SCV x2  
  40  7:23  Marine x4  
  40  7:24  Marine x2  
  40  7:25  SCV, Marine x2  
  40  7:26  Marine x2  
  40  7:27  Refinery  
  40  7:29  Marine  
  51  7:31  Marine  
  53  7:57  Supply Depot  
  53  7:59  Supply Depot, Medivac  
  53  8:00  Medivac  
  53  8:02  Supply Depot  
  57  8:05  Factory Reactor  
  57  8:12  SCV x2  
  59  8:25  Refinery  
  59  8:32  Command Center  
  59  8:38  Barracks Tech Lab  
  59  8:42  Barracks Reactor  
  59  8:44  Marine x3  
  59  8:45  Marine x4  
  59  8:46  Marine x2  
  68  8:49  Reaper  
  69  9:02  Reaper  
  70  9:04  Bunker  
  70  9:11  Marine  
  70  9:12  Marine x6  
  70  9:13  Marine  
  70  9:16  Stimpack  
  61  10:22  Marine x7  
  61  10:23  Marine x2  
  61  10:24  Marine x3  
  58  10:42  Starport Reactor, Starport Tech Lab  
  58  10:58  Marine x5  
  58  10:59  Marine x4  
  58  11:00  Marine  
  68  11:04  SCV x2  
  68  11:05  SCV  
  68  11:10  Banshee  
  74  11:12  Cloaking Field  
  74  11:53  Banshee  
  57  12:11  Marine x3  
  57  12:12  Marine x6  
  57  12:13  Marine  
  55  12:33  Marine  
  55  12:34  Marine x7  
  55  12:35  Marine  
  55  12:36  Marine x2  
  55  12:37  Marine  
  67  12:51  SCV x2  
  67  12:52  SCV  
  67  12:53  Marine x3  
  67  12:54  Marine x5  
  78  13:01  Barracks  
  78  13:03  Barracks  
  78  13:06  Marine x3  
  78  13:07  Marine x2  
  78  13:11  Marine  
  69  13:27  Banshee  
  53  13:48  Marine  
  53  13:49  Marine x5  
  53  13:50  Marine x3  
  53  13:55  Medivac x2  
  66  14:09  Banshee  
  57  14:17  Refinery  
  57  14:18  Refinery  
  57  14:25  Medivac  
  57  14:29  Marine x3  
  57  14:30  Marine x5  
  57  14:31  Supply Depot, Marine x4  
  68  14:33  Supply Depot x2  
  68  14:34  Medivac  
  73  14:48  Starport  
  73  14:50  Starport  
  73  14:52  Banshee, Barracks Reactor  
  76  14:53  Barracks Reactor  
  76  15:05  Engineering Bay  
  76  15:07  Engineering Bay  
  76  15:11  Marine x2  
  76  15:12  Marine x6  
  84  15:40  Command Center  
  84  15:46  Marine x2  
  84  15:47  Marine x6  
  84  15:48  Marine x2  
  84  15:49  Marine  
  95  15:53  Combat Shields  
  95  17:08  Marine x5  
  97  17:09  Marine x6  
  97  17:10  Marine x3  
  97  17:11  Marine x3  
  97  17:13  Medivac  
  97  17:14  Medivac  
  97  17:15  Banshee  
  82  18:22  Marine x2  
  82  18:23  Marine x6  
  82  18:24  Marine  
  82  18:26  Marine x3  
  82  18:27  Marine x4  
Show
View Real Time Build Order
Export as new Build Order

TUX Protoss 

Build Orders:  

Get SALT Encoding   

  12  0:14  Pylon  
  12  0:17  Probe (Chrono Boost)  
  13  0:42  Probe (Chrono Boost)  
  14  0:52  Probe (Chrono Boost)  
  14  0:55  Gateway  
  15  1:03  Probe (Chrono Boost)  
  16  1:04  Gateway  
  16  1:12  Assimilator  
  16  1:14  Probe (Chrono Boost)  
  16  1:18  Assimilator  
  17  1:24  Probe (Chrono Boost)  
  18  1:35  Probe (Chrono Boost)  
  19  1:45  Probe (Chrono Boost)  
  20  1:48  Zealot  
  22  1:56  Probe (Chrono Boost)  
  23  2:02  Pylon  
  23  2:20  Zealot  
  25  2:31  Nexus  
  25  2:37  Zealot  
  27  2:48  Zealot  
  29  3:00  Cybernetics Core  
  29  3:04  Zealot  
  28  3:41  Sentry  
  29  4:03  Probe (Chrono Boost)  
  29  4:08  Sentry  
  32  4:13  Probe (Chrono Boost)  
  32  4:16  Twilight Council  
  34  4:24  Probe (Chrono Boost)  
  32  4:34  Probe (Chrono Boost)  
  33  4:45  Probe (Chrono Boost)  
  30  5:00  Charge  
  30  5:06  Stalker x2  
  27  5:27  Dark Shrine  
  25  5:53  Probe (Chrono Boost)  
  26  6:00  Warp Gate  
  26  6:04  Probe (Chrono Boost)  
  27  6:08  Gateway  
  27  6:10  Gateway  
  27  6:14  Probe (Chrono Boost)  
  27  6:15  Gateway  
  28  6:24  Probe (Chrono Boost)  
  28  6:25  Probe (Chrono Boost)  
  30  6:35  Probe x2 (Chrono Boost)  
  32  6:46  Probe (Chrono Boost)  
  31  7:34  Assimilator  
  31  7:38  Probe (Chrono Boost)  
  31  7:39  Assimilator  
  32  7:49  Probe (Chrono Boost)  
  33  7:55  Pylon  
  33  7:58  Pylon  
  33  7:59  Probe (Chrono Boost)  
  33  8:02  Pylon  
  34  8:10  Probe (Chrono Boost)  
  35  8:17  Pylon  
  35  8:20  Probe (Chrono Boost)  
  36  8:32  Probe (Chrono Boost)  
  37  8:37  Probe (Chrono Boost)  
  38  8:42  Probe (Chrono Boost)  
  38  8:47  Probe (Chrono Boost)  
  40  8:53  Probe (Chrono Boost)  
  41  8:58  Probe (Chrono Boost)  
  42  9:03  Probe (Chrono Boost)  
  42  9:08  Probe (Chrono Boost)  
  44  9:14  Probe (Chrono Boost)  
  45  9:19  Probe (Chrono Boost)  
  46  9:25  Mothership Core (Chrono Boost)  
  48  9:32  Dark Templar  
  48  9:33  Dark Templar  
  48  9:34  Dark Templar  
  48  9:35  Dark Templar  
  48  9:36  Dark Templar  
  22  10:15  Probe (Chrono Boost)  
  23  10:26  Probe (Chrono Boost)  
  24  10:36  Probe (Chrono Boost)  
  24  10:40  Probe (Chrono Boost)  
  26  10:47  Probe (Chrono Boost)  
  27  10:50  Probe (Chrono Boost)  
  28  10:57  Probe (Chrono Boost)  
  28  11:01  Probe (Chrono Boost)  
  30  11:08  Probe (Chrono Boost)  
  31  11:12  Probe (Chrono Boost)  
  32  11:18  Probe (Chrono Boost)  
  32  11:22  Probe (Chrono Boost)  
  34  11:32  Dark Templar  
  36  11:33  Dark Templar x2  
  36  11:34  Dark Templar x2  
  36  12:38  Stalker x2  
  36  12:39  Stalker x2  
  36  12:40  Stalker  
  36  12:43  Stalker  
  38  12:44  Stalker  
  38  12:45  Stalker x2  
  38  12:46  Stalker  
  46  13:10  Pylon  
  46  13:18  Pylon  
  26  13:45  Dark Templar x2  
  26  13:46  Dark Templar x3  
  30  14:27  Dark Templar  
  30  14:28  Dark Templar x3  
  30  14:29  Dark Templar  
  40  15:02  Pylon  
  40  15:05  Pylon  
  40  15:10  Pylon  
  40  15:13  Pylon  
  40  15:36  Sentry x2  
  40  15:37  Sentry x2  
  40  15:38  Sentry  
  50  16:10  Mothership Core (Chrono Boost)  
  52  16:22  Stalker  
  54  16:26  Stalker  
  54  16:27  Stalker x2  
  54  16:28  Stalker  
  48  17:11  Colossus  
  48  17:13  Colossus  
  48  17:15  Colossus  
  48  17:16  Colossus  
  48  17:18  Colossus  
Tags
 
Add a new tag
Caveats
  • Supply blocks, unpowered buildings, or Contaminate may cause inaccurate times.
  • Supply counts are checked every 10 seconds.